 Dungeon Crawl Stone Soup version 0.17.0-56-gd8de76c (webtiles) character file.

343 Ijustatesigmund the Conjurer (level 6, -1/32 HPs)
             Began as a Deep Elf Wizard on Dec 5, 2015.
             Slain by Grinder (4 damage)
             ... while paralysed by Grinder
             ... on level 4 of the Dungeon.
             The game lasted 00:10:40 (3778 turns).

Ijustatesigmund the Conjurer (Deep Elf Wizard)      Turns: 3778, Time: 00:10:40

Health: -1/32      AC:  8    Str:  4    XL:     6   Next: 31%
Magic:  1/15       EV:  2    Int: 25    God:
Gold:   186        SH:  0    Dex: 18    Spells: 4 memorised, 7 levels left

rFire  . . .     SeeInvis .     f - +1 dagger (protect)
rCold  . . .     Clarity  .     a - +0 robe
rNeg   . . .     SustAt   .     (no shield)
rPois  .         Gourm    .     b - +0 hat
rElec  .         Spirit   .     (no cloak)
rCorr  .         Warding  .     n - +0 pair of gloves
rMut   .         Stasis   .     (no boots)
MR     .....                    (no amulet)
Stlth  +++.......               (no ring)
                                (no ring)

@: paralysed, agile, very slightly contaminated, hasted, not resistant to
hostile enchantments, fairly stealthy
A: no striking features
a: no special abilities


You were on level 4 of the Dungeon.
You were not hungry.

You visited 2 branches of the dungeon, and saw 5 of its levels.

You collected 186 gold pieces.

Inventory:

Hand Weapons
 f - a +1 dagger of protection (weapon)
Armour
 a - a +0 robe (worn)
 b - a +0 hat (worn)
 n - a +0 pair of gloves (worn)
Scrolls
 i - a scroll of identify
 l - a scroll of immolation
 m - a scroll of blinking
 p - a scroll of teleportation
Potions
 e - 2 potions of might
Books
 c - a book of Minor Magic

   Spells                             Type                      Level
   a - Magic Dart                     Conjuration                  1
   b - Blink                          Translocation                2
   c - Call Imp                       Summoning                    2
   d - Repel Missiles                 Charms/Air                   2
   e - Slow                           Hexes                        2
   f - Conjure Flame                  Conjuration/Fire             3
   g - Mephitic Cloud                 Conjuration/Poison/Air       3
Comestibles
 d - 6 bread rations
 h - a meat ration


   Skills:
 + Level 3.2 Dodging
 - Level 2.4 Stealth
 + Level 5.1 Spellcasting
 + Level 6.4 Conjurations
   Level 1.1 Summonings
 - Level 1.1 Translocations


You had 7 spell levels left.
You knew the following spells:

 Your Spells              Type           Power        Failure   Level  Hunger
a - Magic Dart            Conj           ####         1%          1    None
b - Blink                 Tloc           N/A          10%         2    None
c - Repel Missiles        Chrm/Air       #.....       14%         2    None
d - Mephitic Cloud        Conj/Pois/Air  ###.....     12%         3    ##.....


Dungeon Overview and Level Annotations

Branches:
Dungeon (4/15)             Temple (1/1) D:4

Altars:
Dithmenos
Fedhas
Gozag
Kikubaaqudgha
Makhleb
Okawaru
Qazlal
Ru
Trog
Xom
Yredelemnul
Zin
The Shining One

Annotations:
D:4 Grinder


Message History

Grinder blinks!
You are very lightly contaminated with residual magic.
Drink which item? (? for menu, Esc to quit)
You feel agile all of a sudden.
You aren't carrying any items that can be evoked.
Casting: Magic Dart
Confirm with . or Enter, or press ? or * to list all spells.
Aiming: Mephitic Cloud
Press: ? - help, Shift-Dir - straight line, p - Grinder The ball explodes into a vile cloud!
The stinking cloud engulfs Grinder.
Grinder is moderately wounded.
Grinder gestures at you.
You suddenly lose the ability to move!
Grinder gestures at you.
You struggle to resist.
Grinder says, "You look like you could use a good racking."
Grinder hits you.
* * * LOW HITPOINT WARNING * * *
You writhe in agony.
You die...

###.........#.8.#...#
..#....#.#..........#
.>.......###......###
....##.........####
.#..##.#.####...#
.#...#.#.# #..#.#
...#...#.# #.##.#
..#......###.##.##
..........##.##.@#
###......##..###5.#
(#######.#..## .....
..# #.#.## .......#
..## ###.#.#
#...ยง...#
...###.....# #..)....#
##........####.......#
#...#...#.....#######
###............


You could see Grinder.

Vanquished Creatures
  An ogre (D:4)
  An orc wizard (D:3)
  Ijyb (D:3)
  Natasha (twice) (D:3)
  A worker ant (D:4)
  7 adders
  2 worms (D:2)
  5 orcs (D:3)
  7 giant cockroaches
  8 goblins
  6 hobgoblins
  7 kobolds
  3 quokkas
  2 ball pythons
  7 bats
  3 giant geckos
  3 giant newts (D:1)
  2 jackals (D:1)
  A quokka skeleton (D:4)
  7 rats
76 creatures vanquished.

Notes
Turn   | Place    | Note
--------------------------------------------------------------
     0 | D:1      | Ijustatesigmund the Deep Elf Wizard began the quest for the Orb.
     0 | D:1      | Reached XP level 1. HP: 10/10 MP: 7/7
   456 | D:1      | Reached XP level 2. HP: 15/15 MP: 5/9
   460 | D:1      | Learned a level 2 spell: Blink
   463 | D:1      | Learned a level 2 spell: Repel Missiles
  1094 | D:2      | Reached XP level 3. HP: 19/19 MP: 4/10
  1099 | D:2      | Learned a level 3 spell: Mephitic Cloud
  1108 | D:2      | Found a faded altar to an unknown god.
  1620 | D:2      | Reached XP level 4. HP: 24/24 MP: 7/12
  2055 | D:3      | Reached skill level 5 in Conjurations
  2309 | D:3      | Noticed Ijyb
  2312 | D:3      | Reached XP level 5. HP: 28/28 MP: 9/13
  2322 | D:3      | Killed Ijyb
  2533 | D:3      | Noticed Natasha
  2537 | D:3      | Killed Natasha
  2537 | D:3      | Reached skill level 6 in Conjurations
  2549 | D:3      | Found a stormy altar of Qazlal.
  2682 | D:3      | Noticed Natasha
  2897 | D:3      | Killed Natasha
  3020 | D:4      | Noticed an ogre
  3028 | D:4      | HP: 1/28 [ogre/giant club (20)]
  3030 | D:4      | Killed an ogre
  3030 | D:4      | Reached skill level 5 in Spellcasting
  3030 | D:4      | Reached XP level 6. HP: 2/32 MP: 1/15
  3431 | D:4      | Found a staircase to the Ecumenical Temple.
  3438 | Temple   | Entered the Ecumenical Temple
  3758 | D:4      | Noticed Grinder
  3772 | D:4      | Paralysed by Grinder for 6 turns
  3778 | D:4      | Slain by Grinder

Action                   |  1- 3 |  4- 6 || total
-------------------------+-------+-------++-------
Melee: Dagger            |     3 |       ||     3
 Cast: Magic Dart        |    80 |   108 ||   188
       Repel Missiles    |     1 |       ||     1
       Mephitic Cloud    |       |     1 ||     1
  Use: Scroll            |     5 |     7 ||    12
       Potion            |       |     3 ||     3
 Stab: Sleeping          |     1 |       ||     1
  Eat: Chunk             |     2 |     5 ||     7
       Pizza             |       |     1 ||     1
